2631 views
Uploaded 2021-09-09 05:52:47
Game version 1.32.10
32:09 long 3on3 ladder game on (6)ThunderLake_LV
Saved by lowlyworm
2631 views
Uploaded 2021-09-09 05:52:47
Game version 1.32.10
32:09 long 3on3 ladder game on (6)ThunderLake_LV


134 units @ 19.6k
/ 2.8k
77 buildings @ 11k
/ 5.1k


| Peasant | 11 | 825 | / | 0 |
| Footman | 3 | 405 | / | 0 |
| Rifleman | 22 | 4510 | / | 660 |
| Priest | 4 | 540 | / | 40 |
| Sorceress | 3 | 465 | / | 60 |
| Mortar Team | 4 | 720 | / | 280 |
| Spell Breaker | 1 | 215 | / | 30 |
| Knight | 3 | 735 | / | 180 |
| total: | 51 | 8415g | / | 1250w |
| Scout Tower | 5 | 150 | / | 100 |
| Guard Tower | 1 | 70 | / | 50 |
| Barracks | 2 | 320 | / | 120 |
| Altar of Kings | 1 | 180 | / | 50 |
| Farm | 12 | 960 | / | 240 |
| Blacksmith | 1 | 140 | / | 60 |
| Lumber Mill | 1 | 120 | / | 0 |
| Arcane Vault | 1 | 130 | / | 30 |
| Town Hall | 2 | 770 | / | 410 |
| Arcane Sanctum | 3 | 450 | / | 420 |
| Workshop | 1 | 140 | / | 140 |
| Keep | 1 | 320 | / | 210 |
| Castle | 1 | 360 | / | 210 |
| total: | 29 | 3360g | / | 1570w |
| 0:09 | Barracks |
| 0:15 | Peasant |
| 0:15 | Peasant |
| 0:43 | Peasant |
| 0:50 | Altar of Kings |
| 0:58 | Peasant |
| 1:07 | Farm |
| 1:17 | Farm |
| 1:20 | Peasant |
| 1:24 | Footman |
| 1:30 | Footman |
| 1:33 | Peasant |
| 1:33 | Peasant |
| 1:50 | Footman |
| 2:09 | Peasant |
| 2:15 | Blacksmith |
| 2:19 | Peasant |
| 2:44 | Farm |
| 2:51 | Lumber Mill |
| 3:16 | Keep |
| 3:23 | Holy Light |
| 3:35 | Farm |
| 3:37 | Rifleman |
| 4:05 | Barracks |
| 4:13 | Arcane Vault |
| 4:20 | Farm |
| 4:33 | Rifleman |
| 4:37 | Improved Lumber Harvesting |
| 5:04 | Rifleman |
| 6:09 | Rifleman |
| 6:10 | Rifleman |
| 6:16 | Arcane Sanctum |
| 6:54 | Devotion Aura |
| 8:00 | Rifleman |
| 8:05 | Priest |
| 8:06 | Priest |
| 8:30 | Workshop |
| 9:27 | Castle |
| 9:28 | Rifleman |
| 9:31 | Sorceress |
| 9:38 | Farm |
| 10:00 | Farm |
| 10:32 | Black Gunpowder |
| 10:34 | Long Rifles |
| 10:38 | Mortar Team |
| 11:09 | Arcane Sanctum |
| 11:12 | Scout Tower |
| 11:49 | Animal War Training |
| 11:53 | Guard Tower |
| 11:56 | Farm |
| 11:59 | Peasant |
| 11:59 | Peasant |
| 12:22 | Farm |
| 12:33 | Sorceress |
| 12:45 | Thunder Clap |
| 13:03 | Spell Breaker |
| 14:24 | Sorceress Adept Training |
| 14:50 | Farm |
| 14:55 | Sorceress |
| 15:33 | Storm Bolt |
| 15:37 | Knight |
| 16:06 | Rifleman |
| 16:30 | Rifleman |
| 16:32 | Mortar Team |
| 17:46 | Town Hall |
| 18:01 | Rifleman |
| 18:22 | Rifleman |
| 18:54 | Rifleman |
| 19:03 | Farm |
| 19:25 | Priest |
| 20:11 | Priest |
| 20:20 | Divine Shield |
| 20:27 | Farm |
| 20:32 | Arcane Sanctum |
| 20:39 | Sorceress Master Training |
| 21:04 | Priest Adept Training |
| 21:16 | Knight |
| 21:22 | Knight |
| 21:32 | Rifleman |
| 22:24 | Rifleman |
| 22:34 | Rifleman |
| 22:36 | Priest Master Training |
| 23:01 | Rifleman |
| 23:01 | Rifleman |
| 24:02 | Rifleman |
| 24:17 | Scout Tower |
| 24:18 | Scout Tower |
| 24:21 | Scout Tower |
| 24:23 | Scout Tower |
| 24:38 | Rifleman |
| 26:32 | Town Hall |
| 27:07 | Storm Bolt |
| 28:58 | Mortar Team |
| 30:16 | Mortar Team |
| 30:51 | Rifleman |
| 30:52 | Rifleman |
| 31:24 | Rifleman |
| Right click | 973 |
| Select | 461 |
| Select group | 151 |
| Build/train/purchase | 74 |
| Assign group | 30 |
| Use ability | 23 |
| Resource trade | 15 |
| Chat | 4 |
| Remove unit | 2 |



| Healing Salve | 5 | 500 |
| Lesser Clarity Potion | 11 | 770 |
| Scroll of Speed | 4 | 200 |
| Potion of Mana | 4 | 800 |
| Potion of Healing | 4 | 600 |
| Tiny Great Hall | 2 | 1200 |
| Orb of Lightning | 3 | 1125 |
| Scroll of Town Portal | 3 | 1050 |
| Scroll of Healing | 3 | 750 |
| Potion of Lesser Invulnerability | 2 | 300 |
| total: | 41 | 7295g |
| Peon | 24 | 1800 | / | 0 |
| Troll Headhunter | 10 | 1400 | / | 200 |
| Grunt | 3 | 600 | / | 0 |
| Troll Berserker | 6 | 840 | / | 120 |
| Troll Batrider | 15 | 2400 | / | 600 |
| Spirit Walker | 1 | 195 | / | 35 |
| Wind Rider | 2 | 530 | / | 80 |
| total: | 61 | 7765g | / | 1035w |
| Watch Tower | 4 | 440 | / | 320 |
| Altar of Storms | 2 | 360 | / | 100 |
| Orc Burrow | 6 | 960 | / | 240 |
| War Mill | 1 | 205 | / | 0 |
| Barracks | 2 | 360 | / | 100 |
| Voodoo Lounge | 5 | 650 | / | 150 |
| Great Hall | 1 | 385 | / | 185 |
| Beastiary | 7 | 1015 | / | 980 |
| Tauren Totem | 1 | 135 | / | 155 |
| Stronghold | 1 | 315 | / | 190 |
| Fortress | 3 | 975 | / | 570 |
| total: | 29 | 4510g | / | 2230w |
| 0:02 | Peon |
| 0:02 | Peon |
| 0:07 | Altar of Storms |
| 0:21 | Orc Burrow |
| 0:29 | Peon |
| 0:41 | Peon |
| 0:50 | War Mill |
| 0:54 | Peon |
| 1:05 | Barracks |
| 1:18 | Peon |
| 1:18 | Peon |
| 1:28 | Peon |
| 1:54 | Orc Burrow |
| 2:11 | Voodoo Lounge |
| 2:24 | Troll Headhunter |
| 2:42 | Feral Spirit |
| 2:57 | Troll Headhunter |
| 3:01 | Barracks |
| 3:06 | Peon |
| 3:18 | Troll Headhunter |
| 3:32 | Orc Burrow |
| 3:43 | Voodoo Lounge |
| 4:01 | Voodoo Lounge |
| 4:09 | Troll Headhunter |
| 4:29 | Troll Headhunter |
| 5:09 | Healing Salve |
| 5:10 | Lesser Clarity Potion |
| 5:19 | Troll Headhunter |
| 5:37 | Chain Lighting |
| 5:39 | Watch Tower |
| 5:59 | Troll Headhunter |
| 6:11 | Healing Salve |
| 6:11 | Lesser Clarity Potion |
| 6:27 | Grunt |
| 6:46 | Troll Headhunter |
| 6:48 | Stronghold |
| 6:56 | Watch Tower |
| 7:03 | Watch Tower |
| 7:06 | Troll Headhunter |
| 7:22 | Troll Headhunter |
| 7:26 | Watch Tower |
| 7:37 | Steel Ranged Weapons |
| 7:37 | Thorium Ranged Weapons |
| 7:45 | Orc Burrow |
| 8:02 | Grunt |
| 8:48 | Grunt |
| 9:10 | Fortress |
| 9:10 | Fortress |
| 9:32 | Voodoo Lounge |
| 9:36 | Steel Armor |
| 9:56 | Troll Regeneration |
| 10:43 | Lesser Clarity Potion |
| 10:44 | Healing Salve |
| 10:45 | Scroll of Speed |
| 10:51 | Potion of Mana |
| 10:52 | Potion of Healing |
| 11:01 | Arcanite Ranged Weapons |
| 11:38 | Feral Spirit |
| 11:38 | Feral Spirit |
| 12:04 | Berserker Upgrade |
| 12:06 | Orc Burrow |
| 12:45 | Great Hall |
| 12:50 | Healing Salve |
| 12:51 | Healing Salve |
| 12:51 | Lesser Clarity Potion |
| 12:53 | Scroll of Speed |
| 12:53 | Lesser Clarity Potion |
| 12:54 | Potion of Healing |
| 13:07 | Healing Wave |
| 13:52 | Troll Berserker |
| 14:13 | Voodoo Lounge |
| 14:46 | Chain Lighting |
| 14:48 | Hex |
| 14:50 | Tiny Great Hall |
| 14:55 | Orb of Lightning |
| 14:55 | Orb of Lightning |
| 14:55 | Orb of Lightning |
| 15:36 | Peon |
| 15:36 | Peon |
| 15:36 | Peon |
| 15:36 | Peon |
| 16:02 | Potion of Mana |
| 16:06 | Scroll of Town Portal |
| 16:14 | Peon |
| 16:15 | Peon |
| 16:31 | Thorium Armor |
| 16:31 | Arcanite Armor |
| 16:42 | Beastiary |
| 17:00 | Peon |
| 17:01 | Peon |
| 17:01 | Peon |
| 17:08 | Peon |
| 17:08 | Peon |
| 17:08 | Peon |
| 17:13 | Troll Berserker |
| 17:18 | Altar of Storms |
| 17:45 | Troll Berserker |
| 17:59 | Reinforced Defenses |
| 18:01 | Troll Batrider |
| 18:11 | Troll Berserker |
| 18:16 | Lesser Clarity Potion |
| 18:22 | Potion of Healing |
| 18:42 | Beastiary |
| 18:43 | Beastiary |
| 18:44 | Beastiary |
| 18:47 | Beastiary |
| 18:49 | Beastiary |
| 18:54 | Lesser Clarity Potion |
| 18:58 | Troll Berserker |
| 19:02 | Troll Batrider |
| 19:23 | Lesser Clarity Potion |
| 19:25 | Tiny Great Hall |
| 19:26 | Potion of Healing |
| 19:27 | Scroll of Speed |
| 19:28 | Lesser Clarity Potion |
| 19:29 | Potion of Mana |
| 19:33 | Potion of Mana |
| 19:49 | Potion of Lesser Invulnerability |
| 20:03 | Scroll of Healing |
| 20:19 | Scroll of Healing |
| 20:29 | Scroll of Town Portal |
| 20:43 | Troll Berserker |
| 20:58 | Endurance Aura |
| 21:07 | Troll Batrider |
| 21:08 | Orc Burrow |
| 21:30 | Troll Batrider |
| 21:54 | Tauren Totem |
| 22:16 | Troll Batrider |
| 23:06 | Troll Batrider |
| 23:10 | Beastiary |
| 23:21 | Scroll of Town Portal |
| 23:27 | Lesser Clarity Potion |
| 23:39 | Troll Batrider |
| 23:47 | Chain Lighting |
| 23:54 | Scroll of Healing |
| 23:57 | Potion of Lesser Invulnerability |
| 24:09 | Troll Batrider |
| 24:17 | Spirit Walker |
| 24:33 | Scroll of Speed |
| 24:47 | Troll Batrider |
| 25:09 | Lesser Clarity Potion |
| 25:17 | Troll Batrider |
| 27:00 | Troll Batrider |
| 28:18 | Earth Quake |
| 28:21 | Hex |
| 28:21 | Healing Wave |
| 28:46 | Troll Batrider |
| 28:46 | Troll Batrider |
| 29:33 | Frost Nova |
| 29:33 | Frost Nova |
| 29:44 | Troll Batrider |
| 29:45 | Troll Batrider |
| 29:55 | Feral Spirit |
| 29:55 | Feral Spirit |
| 30:09 | Wind Rider |
| 30:26 | Healing Wave |
| 30:31 | Unholy Aura |
| 30:31 | Unholy Aura |
| 30:51 | Peon |
| 30:51 | Peon |
| 30:51 | Peon |
| 31:23 | Wind Rider |
| 31:34 | Death Coil |
| 32:07 | Big Bad Voodoo |
| Right click | 1358 |
| Select group | 1144 |
| Select | 659 |
| Chat | 359 |
| Build/train/purchase | 238 |
| Use ability | 149 |
| Assign group | 106 |
| Misc. action | 58 |
| Minimap ping | 16 |
| Esc | 12 |
| Item give/drop | 5 |
| Remove unit | 1 |



| Rod of Necromancy | 2 | 300 |
| Sacrificial Skull | 2 | 100 |
| Lesser Clarity Potion | 1 | 70 |
| Orb of Corruption | 1 | 375 |
| Potion of Mana | 3 | 600 |
| Dust of Appearance | 2 | 150 |
| Scroll of Town Portal | 9 | 3150 |
| Scroll of Healing | 3 | 750 |
| Scroll of Protection | 1 | 150 |
| Scroll of Speed | 1 | 50 |
| Healing Salve | 2 | 200 |
| Pendant of Energy | 1 | 300 |
| total: | 28 | 6195g |
| Acolyte | 8 | 600 | / | 0 |
| Ghoul | 6 | 720 | / | 0 |
| Crypt Fiend | 6 | 1290 | / | 240 |
| Frost Wyrm | 2 | 770 | / | 240 |
| total: | 22 | 3380g | / | 480w |
| Nerubian Tower | 1 | 100 | / | 20 |
| Spirit Tower | 1 | 145 | / | 40 |
| Graveyard | 1 | 215 | / | 0 |
| Crypt | 2 | 400 | / | 100 |
| Altar of Darkness | 1 | 180 | / | 50 |
| Ziggurat | 8 | 1200 | / | 400 |
| Tomb of Relics | 2 | 260 | / | 60 |
| Necropolis | 1 | 225 | / | 0 |
| Slaughterhouse | 1 | 140 | / | 135 |
| Boneyard | 3 | 525 | / | 600 |
| Halls of the Dead | 2 | 640 | / | 420 |
| Black Citadel | 1 | 325 | / | 230 |
| total: | 19 | 3145g | / | 1345w |
| 0:05 | Acolyte |
| 0:09 | Graveyard |
| 0:12 | Crypt |
| 0:20 | Acolyte |
| 0:20 | Acolyte |
| 0:43 | Altar of Darkness |
| 0:58 | Ziggurat |
| 1:15 | Ghoul |
| 1:30 | Tomb of Relics |
| 1:46 | Ziggurat |
| 1:57 | Ghoul |
| 2:08 | Ghoul |
| 2:28 | Ghoul |
| 2:39 | Ghoul |
| 2:52 | Acolyte |
| 2:54 | Carrion Beetles |
| 3:03 | Rod of Necromancy |
| 3:03 | Dust of Appearance |
| 3:03 | Sacrificial Skull |
| 3:57 | Crypt Fiend |
| 4:00 | Ziggurat |
| 4:08 | Impale |
| 4:12 | Acolyte |
| 4:12 | Acolyte |
| 4:35 | Acolyte |
| 4:35 | Acolyte |
| 5:15 | Halls of the Dead |
| 5:50 | Crypt Fiend |
| 5:52 | Creature Attack |
| 5:56 | Necropolis |
| 5:57 | Nerubian Tower |
| 6:20 | Crypt Fiend |
| 6:34 | Ziggurat |
| 6:55 | Crypt Fiend |
| 6:57 | Creature Carapace |
| 7:10 | Scroll of Speed |
| 7:11 | Healing Salve |
| 7:32 | Crypt Fiend |
| 8:00 | Black Citadel |
| 8:17 | Crypt Fiend |
| 8:19 | Burrow |
| 8:56 | Impale |
| 9:12 | Improved Creature Attack |
| 9:12 | Improved Creature Carapace |
| 9:32 | Slaughterhouse |
| 9:59 | Web |
| 10:20 | Ziggurat |
| 10:28 | Scroll of Town Portal |
| 10:29 | Dust of Appearance |
| 10:30 | Rod of Necromancy |
| 10:30 | Sacrificial Skull |
| 10:33 | Death Coil |
| 10:43 | Advanced Creature Attack |
| 10:48 | Boneyard |
| 11:16 | Boneyard |
| 11:21 | Scroll of Town Portal |
| 11:21 | Lesser Clarity Potion |
| 11:22 | Healing Salve |
| 11:43 | Frost Nova |
| 11:45 | Orb of Corruption |
| 11:59 | Potion of Mana |
| 12:05 | Ghoul |
| 12:16 | Scroll of Town Portal |
| 12:28 | Spirit Tower |
| 12:35 | Boneyard |
| 12:40 | Destroyer Form |
| 13:12 | Freezing Breath |
| 14:10 | Unholy Aura |
| 14:34 | Dark Ritual |
| 14:56 | Frost Wyrm |
| 14:57 | Frost Wyrm |
| 15:04 | Carrion Beetles |
| 15:58 | Ziggurat |
| 16:08 | Scroll of Town Portal |
| 16:09 | Scroll of Healing |
| 16:15 | Scroll of Town Portal |
| 16:51 | Advanced Creature Carapace |
| 17:05 | Frost Nova |
| 17:16 | Tomb of Relics |
| 18:03 | Ziggurat |
| 18:03 | Ziggurat |
| 18:23 | Scroll of Town Portal |
| 18:57 | Scroll of Town Portal |
| 18:57 | Potion of Mana |
| 19:46 | Pendant of Energy |
| 20:00 | Dark Ritual |
| 20:35 | Potion of Mana |
| 20:38 | Death Coil |
| 21:03 | Scroll of Protection |
| 23:40 | Impale |
| 24:30 | Crypt |
| 25:18 | Stone Form |
| 25:55 | Scroll of Town Portal |
| 25:57 | Scroll of Town Portal |
| 26:32 | Scroll of Healing |
| 26:32 | Scroll of Healing |
| Select group | 1343 |
| Right click | 1264 |
| Select | 557 |
| Chat | 464 |
| Build/train/purchase | 125 |
| Misc. action | 82 |
| Resource trade | 78 |
| Use ability | 63 |
| Assign group | 54 |
| Minimap ping | 17 |
| Item give/drop | 7 |
| Esc | 1 |
111 units @ 19.1k
/ 2.8k
88 buildings @ 9.6k
/ 4.3k



| Scroll of Regeneration | 5 | 500 |
| Lesser Clarity Potion | 3 | 210 |
| Orb of Fire | 1 | 325 |
| Staff of Sanctuary | 1 | 250 |
| Scroll of Town Portal | 2 | 700 |
| total: | 12 | 1985g |
| Peasant | 12 | 900 | / | 0 |
| Footman | 20 | 2700 | / | 0 |
| Gryphon Rider | 26 | 7280 | / | 1820 |
| Goblin Shredder | 2 | 750 | / | 200 |
| Goblin Zeppelin | 1 | 240 | / | 60 |
| total: | 61 | 11870g | / | 2080w |
| Scout Tower | 7 | 210 | / | 140 |
| Arcane Tower | 3 | 210 | / | 150 |
| Guard Tower | 2 | 140 | / | 100 |
| Altar of Kings | 1 | 180 | / | 50 |
| Farm | 28 | 2240 | / | 560 |
| Barracks | 1 | 160 | / | 60 |
| Arcane Vault | 3 | 390 | / | 90 |
| Town Hall | 3 | 1155 | / | 615 |
| Lumber Mill | 1 | 120 | / | 0 |
| Blacksmith | 1 | 140 | / | 60 |
| Gryphon Aviary | 9 | 1260 | / | 1350 |
| Keep | 2 | 640 | / | 420 |
| Castle | 2 | 720 | / | 420 |
| total: | 54 | 5855g | / | 2925w |
| 0:02 | Peasant |
| 0:03 | Peasant |
| 0:05 | Altar of Kings |
| 0:19 | Farm |
| 0:20 | Barracks |
| 0:25 | Peasant |
| 0:41 | Peasant |
| 0:49 | Farm |
| 0:56 | Peasant |
| 1:13 | Peasant |
| 1:25 | Footman |
| 1:29 | Farm |
| 1:41 | Footman |
| 1:46 | Peasant |
| 2:00 | Peasant |
| 2:07 | Footman |
| 2:08 | Footman |
| 2:11 | Storm Bolt |
| 2:15 | Farm |
| 2:30 | Footman |
| 2:33 | Scout Tower |
| 2:45 | Peasant |
| 2:51 | Footman |
| 2:52 | Footman |
| 3:02 | Farm |
| 3:07 | Arcane Tower |
| 3:19 | Footman |
| 3:30 | Arcane Vault |
| 3:31 | Arcane Vault |
| 3:40 | Peasant |
| 4:00 | Bash |
| 4:15 | Town Hall |
| 4:26 | Peasant |
| 4:37 | Scroll of Regeneration |
| 4:58 | Lumber Mill |
| 5:08 | Footman |
| 5:10 | Defend |
| 5:47 | Keep |
| 5:49 | Peasant |
| 6:06 | Footman |
| 6:18 | Footman |
| 6:37 | Footman |
| 6:50 | Improved Lumber Harvesting |
| 6:50 | Advanced Lumber Harvesting |
| 6:59 | Footman |
| 7:01 | Blacksmith |
| 7:11 | Storm Bolt |
| 7:11 | Storm Bolt |
| 7:16 | Footman |
| 7:23 | Footman |
| 7:47 | Footman |
| 7:58 | Footman |
| 8:10 | Castle |
| 8:11 | Footman |
| 8:35 | Footman |
| 8:38 | Iron Forged Swords |
| 9:04 | Footman |
| 9:08 | Improved Masonry |
| 9:08 | Advanced Masonry |
| 9:14 | Holy Light |
| 9:16 | Scroll of Regeneration |
| 9:16 | Lesser Clarity Potion |
| 9:40 | Gryphon Aviary |
| 9:40 | Gryphon Aviary |
| 9:40 | Gryphon Aviary |
| 10:40 | Goblin Shredder |
| 10:40 | Goblin Shredder |
| 11:03 | Farm |
| 11:04 | Farm |
| 11:05 | Farm |
| 11:15 | Animal War Training |
| 11:17 | Steel Forged Swords |
| 11:17 | Mithril Forged Swords |
| 11:18 | Imbued Masonry |
| 11:27 | Storm Hammers |
| 12:15 | Farm |
| 12:16 | Farm |
| 12:18 | Scroll of Regeneration |
| 12:20 | Scroll of Town Portal |
| 12:21 | Orb of Fire |
| 12:21 | Staff of Sanctuary |
| 12:24 | Lesser Clarity Potion |
| 12:54 | Gryphon Rider |
| 13:00 | Farm |
| 13:15 | Gryphon Rider |
| 13:23 | Bash |
| 13:24 | Divine Shield |
| 13:45 | Gryphon Rider |
| 14:16 | Scroll of Regeneration |
| 14:17 | Lesser Clarity Potion |
| 14:32 | Gryphon Rider |
| 15:01 | Gryphon Rider |
| 16:03 | Holy Light |
| 16:12 | Storm Bolt |
| 16:19 | Gryphon Rider |
| 16:33 | Divine Shield |
| 16:59 | Gryphon Aviary |
| 16:59 | Gryphon Aviary |
| 17:18 | Scout Tower |
| 17:30 | Gryphon Aviary |
| 17:36 | Gryphon Aviary |
| 17:37 | Gryphon Aviary |
| 17:37 | Gryphon Aviary |
| 17:45 | Farm |
| 17:47 | Guard Tower |
| 18:03 | Studded Leather Armor |
| 18:03 | Reinforced Leather Armor |
| 18:22 | Gryphon Rider |
| 18:24 | Farm |
| 18:24 | Farm |
| 18:29 | Farm |
| 18:41 | Farm |
| 18:44 | Farm |
| 18:48 | Scroll of Town Portal |
| 18:50 | Scroll of Regeneration |
| 19:06 | Gryphon Rider |
| 19:09 | Gryphon Rider |
| 19:11 | Farm |
| 19:12 | Farm |
| 19:24 | Dragonhide Armor |
| 19:26 | Gryphon Rider |
| 19:26 | Gryphon Rider |
| 19:28 | Farm |
| 19:28 | Farm |
| 19:52 | Farm |
| 19:52 | Farm |
| 20:07 | Gryphon Rider |
| 20:13 | Gryphon Rider |
| 20:36 | Gryphon Rider |
| 20:37 | Farm |
| 20:51 | Gryphon Rider |
| 21:35 | Gryphon Rider |
| 22:13 | Gryphon Rider |
| 22:14 | Gryphon Rider |
| 22:16 | Gryphon Rider |
| 22:16 | Gryphon Rider |
| 22:16 | Gryphon Rider |
| 22:59 | Gryphon Rider |
| 23:04 | Farm |
| 23:05 | Farm |
| 23:05 | Farm |
| 23:06 | Farm |
| 23:09 | Avatar |
| 23:28 | Gryphon Rider |
| 23:28 | Gryphon Rider |
| 23:42 | Summon Water Elemental |
| 23:53 | Holy Light |
| 24:14 | Arcane Vault |
| 24:17 | Gryphon Rider |
| 24:52 | Thunder Clap |
| 27:02 | Gryphon Rider |
| 27:15 | Scout Tower |
| 27:15 | Scout Tower |
| 27:16 | Scout Tower |
| 27:16 | Scout Tower |
| 27:17 | Scout Tower |
| 28:18 | Mass Teleport |
| 28:28 | Thunder Clap |
| 28:45 | Town Hall |
| 28:47 | Resurrection |
| 30:04 | Bash |
| 30:16 | Avatar |
| 30:43 | Town Hall |
| 30:59 | Arcane Tower |
| 31:14 | Goblin Zeppelin |
| Right click | 1483 |
| Select group | 1272 |
| Select | 780 |
| Build/train/purchase | 217 |
| Misc. action | 115 |
| Assign group | 76 |
| Use ability | 65 |
| Minimap ping | 6 |
| Item give/drop | 3 |
| Esc | 2 |



| Scroll of Town Portal | 1 | 350 |
| total: | 1 | 350g |
| Peasant | 11 | 825 | / | 0 |
| Rifleman | 13 | 2665 | / | 390 |
| Priest | 2 | 270 | / | 20 |
| total: | 26 | 3760g | / | 410w |
| Scout Tower | 1 | 30 | / | 20 |
| Altar of Kings | 1 | 180 | / | 50 |
| Farm | 11 | 880 | / | 220 |
| Barracks | 1 | 160 | / | 60 |
| Blacksmith | 1 | 140 | / | 60 |
| Lumber Mill | 1 | 120 | / | 0 |
| Arcane Vault | 1 | 130 | / | 30 |
| Town Hall | 1 | 385 | / | 205 |
| Arcane Sanctum | 1 | 150 | / | 140 |
| Workshop | 1 | 140 | / | 140 |
| Keep | 1 | 320 | / | 210 |
| Castle | 2 | 720 | / | 420 |
| total: | 20 | 2315g | / | 925w |
| 0:02 | Peasant |
| 0:03 | Peasant |
| 0:07 | Altar of Kings |
| 0:12 | Farm |
| 0:21 | Barracks |
| 0:31 | Peasant |
| 0:40 | Peasant |
| 0:53 | Farm |
| 0:57 | Peasant |
| 1:09 | Peasant |
| 1:25 | Peasant |
| 1:40 | Blacksmith |
| 1:45 | Peasant |
| 1:57 | Peasant |
| 2:02 | Farm |
| 2:11 | Summon Water Elemental |
| 2:27 | Peasant |
| 2:34 | Rifleman |
| 2:50 | Peasant |
| 2:58 | Keep |
| 3:10 | Rifleman |
| 3:23 | Farm |
| 3:32 | Lumber Mill |
| 3:52 | Rifleman |
| 4:07 | Black Gunpowder |
| 4:07 | Refined Gunpowder |
| 4:18 | Arcane Vault |
| 4:34 | Rifleman |
| 4:54 | Farm |
| 5:10 | Rifleman |
| 5:20 | Brilliance Aura |
| 6:17 | Rifleman |
| 6:23 | Arcane Sanctum |
| 6:41 | Storm Bolt |
| 6:48 | Rifleman |
| 7:38 | Farm |
| 8:29 | Rifleman |
| 8:29 | Rifleman |
| 8:31 | Imbued Gunpowder |
| 8:33 | Priest |
| 8:33 | Priest |
| 9:08 | Summon Water Elemental |
| 9:17 | Farm |
| 9:20 | Castle |
| 9:28 | Long Rifles |
| 9:45 | Priest Adept Training |
| 9:55 | Rifleman |
| 10:00 | Farm |
| 10:32 | Rifleman |
| 10:48 | Thunder Clap |
| 11:04 | Town Hall |
| 11:26 | Farm |
| 12:08 | Farm |
| 12:20 | Scout Tower |
| 12:46 | Storm Bolt |
| 13:10 | Animal War Training |
| 13:14 | Workshop |
| 13:22 | Farm |
| 13:29 | Scroll of Town Portal |
| 13:36 | Holy Light |
| 13:37 | Holy Light |
| 13:46 | Brilliance Aura |
| 14:54 | Rifleman |
| 14:54 | Rifleman |
| 14:57 | Priest Master Training |
| Right click | 761 |
| Select group | 631 |
| Select | 222 |
| Misc. action | 173 |
| Build/train/purchase | 81 |
| Assign group | 33 |
| Use ability | 15 |
| Minimap ping | 5 |
| Remove unit | 1 |

| Scroll of Regeneration | 8 | 800 |
| Lesser Clarity Potion | 6 | 420 |
| Potion of Healing | 6 | 900 |
| Potion of Mana | 4 | 800 |
| total: | 24 | 2920g |
| Peasant | 7 | 525 | / | 0 |
| Footman | 7 | 945 | / | 0 |
| Rifleman | 10 | 2050 | / | 300 |
| total: | 24 | 3520g | / | 300w |
| Scout Tower | 2 | 60 | / | 40 |
| Arcane Tower | 2 | 140 | / | 100 |
| Altar of Kings | 1 | 180 | / | 50 |
| Barracks | 1 | 160 | / | 60 |
| Farm | 6 | 480 | / | 120 |
| Arcane Vault | 1 | 130 | / | 30 |
| Lumber Mill | 1 | 120 | / | 0 |
| Blacksmith | 1 | 140 | / | 60 |
| Arcane Sanctum | 1 | 150 | / | 140 |
| Keep | 2 | 640 | / | 420 |
| Castle | 1 | 360 | / | 210 |
| total: | 14 | 1420g | / | 500w |
| 0:03 | Peasant |
| 0:03 | Peasant |
| 0:04 | Peasant |
| 0:08 | Altar of Kings |
| 0:22 | Barracks |
| 0:36 | Farm |
| 0:39 | Farm |
| 0:46 | Peasant |
| 0:53 | Peasant |
| 1:04 | Peasant |
| 1:28 | Arcane Vault |
| 1:33 | Peasant |
| 1:54 | Farm |
| 1:56 | Footman |
| 1:56 | Footman |
| 2:07 | Scout Tower |
| 2:13 | Thunder Clap |
| 2:30 | Footman |
| 2:31 | Footman |
| 2:48 | Scout Tower |
| 2:57 | Arcane Tower |
| 3:20 | Scroll of Regeneration |
| 3:20 | Lesser Clarity Potion |
| 3:25 | Arcane Tower |
| 3:31 | Lumber Mill |
| 3:35 | Keep |
| 4:31 | Blacksmith |
| 5:04 | Footman |
| 5:04 | Footman |
| 5:04 | Footman |
| 5:08 | Scroll of Regeneration |
| 5:09 | Lesser Clarity Potion |
| 6:10 | Farm |
| 6:23 | Potion of Healing |
| 6:23 | Scroll of Regeneration |
| 6:24 | Potion of Mana |
| 6:40 | Potion of Healing |
| 6:41 | Potion of Mana |
| 6:48 | Rifleman |
| 6:48 | Rifleman |
| 6:49 | Rifleman |
| 7:17 | Scroll of Regeneration |
| 7:34 | Lesser Clarity Potion |
| 7:59 | Potion of Healing |
| 8:12 | Storm Bolt |
| 8:16 | Lesser Clarity Potion |
| 8:42 | Potion of Healing |
| 8:42 | Potion of Mana |
| 9:07 | Rifleman |
| 9:07 | Rifleman |
| 9:08 | Rifleman |
| 9:12 | Long Rifles |
| 9:33 | Farm |
| 9:54 | Castle |
| 10:25 | Farm |
| 10:31 | Black Gunpowder |
| 11:17 | Arcane Sanctum |
| 11:19 | Scroll of Regeneration |
| 11:23 | Potion of Mana |
| 11:24 | Potion of Healing |
| 11:25 | Scroll of Regeneration |
| 11:25 | Lesser Clarity Potion |
| 12:30 | Potion of Healing |
| 12:51 | Scroll of Regeneration |
| 12:51 | Scroll of Regeneration |
| 13:16 | Lesser Clarity Potion |
| 13:45 | Rifleman |
| 13:46 | Rifleman |
| 13:46 | Rifleman |
| 13:46 | Rifleman |
| 14:06 | Refined Gunpowder |
| Right click | 410 |
| Select group | 192 |
| Select | 151 |
| Misc. action | 115 |
| Build/train/purchase | 95 |
| Assign group | 27 |
| Use ability | 8 |
⇛